[Event "Titled Tuesday Blitz May 2 Early 2023"]
[White "Kohler, Aran"]
[Black "Arat, Ufuk Sezen"]
[WhiteFideId "1002856"]
[BlackFideId "6309089"]
[WhiteElo "2010"]
[BlackElo "2289"]
[Result "1-0"]
[Round "09"]
[TimeControl "180+2"]
[Date "2023.05.02"]
[WhiteClock "0:00:06"]
[BlackClock "0:00:01"]

1. Nf3 d5 2. d4 Nf6 3. Bg5 Ne4 4. h4 c5 5. e3 Nc6 6. c3 h6 7. Bf4 e6 8. Nbd2 Bd6 9. Nxe4 dxe4 10. Bxd6 Qxd6 11. Nd2 cxd4 12. exd4 f5 13. Qh5+ Kf8 14. O-O-O Bd7 15. Kb1 Rc8 16. Qe2 b5 17. f3 exf3 18. Nxf3 Qe7 19. h5 b4 20. Nh4 Qd6 21. Ng6+ Kg8 22. Nxh8 bxc3 23. bxc3 Rb8+ 24. Ka1 Qa3 25. Qc2 Na5 26. Rb1 Rxb1+ 27. Kxb1 Kxh8 28. Qb2 Qd6 29. Bd3 Bc6 30. Re1 Bd5 31. Qb4 Qd8 32. c4 Nc6 33. Qc5 Bxg2 34. d5 Qb8+ 35. Ka1 Nb4 36. Bb1 exd5 37. Bxf5 Na6 38. Qc6 Nc7 39. Qxc7 Qf8 40. Qd7 Qf6+ 41. Kb1 Be4+ 42. Bxe4 Qb6+ 43. Kc2 Qf2+ 44. Kd1 Qd4+ 45. Kc1 Qc3+ 46. Kd1 Qd4+ 47. Kc2 Qf2+ 48. Kb3 dxc4+ 49. Kb4 Qb2+ 50. Kxc4 Qxa2+ 51. Kc5 Qa5+ 52. Kc6 Qc3+ 53. Kb7 Qb4+ 54. Ka8 Qf8+ 55. Kxa7 Qc5+ 56. Kb7 Qb4+ 57. Kc8 Qc5+ 58. Qc7 Qd4 1-0


[Site "https://www.chess.com"]

[Event "Titled Tuesday Blitz May 2 Early 2023"]
[White "Jiganchine, Roman"]
[Black "Omariev, Maksim"]
[WhiteFideId "2603667"]
[BlackFideId "4193423"]
[WhiteElo "2205"]
[BlackElo "2304"]
[Result "1-0"]
[Round "09"]
[TimeControl "180+2"]
[Date "2023.05.02"]
[WhiteClock "0:00:09"]
[BlackClock "0:00:10"]

1. e4 c5 2. Nf3 d6 3. Bb5+ Nd7 4. a4 a6 5. Be2 e5 6. c3 g6 7. d4 Bg7 8. O-O Ne7 9. a5 exd4 10. cxd4 O-O 11. Nc3 Nc6 12. Bg5 Qc7 13. Nd5 Qb8 14. dxc5 Nxc5 15. b4 Nxe4 16. Bf4 Nc3 17. Nxc3 Bxc3 18. Bxd6 Qa7 19. Bxf8 Kxf8 20. Qd6+ Kg8 21. Rab1 Bf5 22. Bc4 Rd8 23. Qc7 Rd7 24. Qc8+ Rd8 25. Qc7 Rd7 26. Qc8+ Kg7 27. Nh4 Bxb1 28. Qxd7 Ne5 29. Qc7 Be4 30. Bxf7 Nxf7 31. Qxc3+ Kg8 32. Re1 Bc6 33. Re7 Qb8 34. Nf3 Qd8 35. Re1 Qd7 36. h3 Nh6 37. Ne5 Qc7 38. Nxc6 bxc6 39. Re8+ Kf7 40. Qh8 Nf5 41. Qxh7+ Ng7 42. Re1 Qd6 43. Qh4 Nf5 44. Qe4 Nd4 45. Qe8+ Kf6 46. Qh8+ Kg5 47. Qe5+ Qxe5 48. Rxe5+ Kf4 49. Rc5 Ke4 50. Kh2 Kd3 51. Kg3 Nf5+ 52. Kg4 Nd4 53. Kg5 Nc2 54. Kxg6 Nxb4 55. h4 Kd4 56. Rc1 c5 57. h5 Nc6 58. h6 Ne5+ 59. Kg7 Ng4 60. h7 Nxf2 61. h8=Q Nd3 62. Kg8+ Ke3 63. Qc3 c4 64. Qxc4 Kd2 65. Qc3+ Ke2 66. Qc2+ Ke3 67. Qc6 Ke2 68. Rc3 Kd2 69. Rxd3+ Ke1 70. Qxa6 Kf2 71. Rd1 Kg3 72. Rf1 Kh2 73. Qh6+ Kg3 74. Qg6+ Kh4 75. Rh1# 1-0


[Site "https://www.chess.com"]

[Event "Titled Tuesday Blitz May 2 Early 2023"]
[White "Bogaudinov, Rushan"]
[Black "Clawitter, Craig"]
[WhiteFideId "4129288"]
[BlackFideId "2023105"]
[WhiteElo "1967"]
[BlackElo "2050"]
[Result "0-1"]
[Round "09"]
[TimeControl "180+2"]
[Date "2023.05.02"]
[WhiteClock "0:01:50"]
[BlackClock "0:02:10"]

1. d4 e6 2. e4 d5 3. Nc3 Bb4 4. e5 c5 5. a3 Bxc3+ 6. bxc3 Ne7 7. Nf3 Nbc6 8. h4 Qa5 9. Bd2 b6 10. Bd3 Ba6 11. O-O Bxd3 12. cxd3 cxd4 13. cxd4 Qa6 14. Qb3 O-O 15. h5 h6 16. g4 f6 17. Kg2 fxe5 18. dxe5 Rxf3 19. Kxf3 Nd4+ 20. Kg3 Nxb3 0-1


[Site "https://www.chess.com"]

[Event "Titled Tuesday Blitz May 2 Early 2023"]
[White "Matveeva, Olga"]
[Black "Amitpal, Singh"]
[WhiteFideId "24107018"]
[BlackFideId "5012899"]
[WhiteElo "2056"]
[BlackElo "2107"]
[Result "1-0"]
[Round "09"]
[TimeControl "180+2"]
[Date "2023.05.02"]
[WhiteClock "0:01:19"]
[BlackClock "0:00:28"]

1. d4 Nf6 2. c4 g6 3. g3 Bg7 4. Bg2 O-O 5. Nc3 d6 6. Nf3 Nc6 7. O-O e5 8. d5 Ne7 9. e4 Nd7 10. Ne1 f5 11. Nd3 h6 12. f4 Kh7 13. Qc2 fxe4 14. Nxe4 Nf5 15. fxe5 Nxe5 16. Nxe5 Bxe5 17. Bf4 Nd4 18. Qd2 Bg4 19. Bxh6 Nf5 20. Ng5+ Kg8 21. Ne6 Qe7 22. Bxf8 Rxf8 23. Nxf8 Qxf8 24. Qg5 1-0


[Site "https://www.chess.com"]

[Event "Titled Tuesday Blitz May 2 Early 2023"]
[White "Ciuffoletti, Paolo"]
[Black "Prudnykova, Olga"]
[WhiteFideId "807630"]
[BlackFideId "14121093"]
[WhiteElo "2143"]
[BlackElo "2113"]
[Result "0-1"]
[Round "09"]
[TimeControl "180+2"]
[Date "2023.05.02"]
[WhiteClock "0:00:07"]
[BlackClock "0:00:29"]

1. e4 c5 2. d4 cxd4 3. c3 dxc3 4. Nxc3 Nc6 5. Nf3 a6 6. Bc4 d6 7. O-O Nf6 8. h3 e6 9. Qe2 Be7 10. Rd1 Qc7 11. Bf4 Ne5 12. Bxe5 dxe5 13. Rac1 O-O 14. Bxe6 Bxe6 15. Nd5 Nxd5 16. exd5 Qb6 17. dxe6 Qxe6 18. Qxe5 Qxe5 19. Nxe5 Rfc8 20. Rxc8+ Rxc8 21. Rd7 Bf6 22. Nxf7 Bxb2 23. Rxb7 Bd4 24. Ng5 h6 25. Ne6 Be5 26. g3 Rc2 27. a4 Ra2 28. Rb4 Kf7 29. Nc5 a5 30. Rb7+ Kg6 31. Rb6+ Kh7 32. Nb3 Rxa4 33. Rb5 Bc3 34. Nc5 Ra2 35. Ne6 a4 36. Rb7 a3 37. Ra7 Ra1+ 38. Kg2 a2 39. h4 h5 40. Ng5+ Kg6 41. Ra6+ Bf6 42. Ra4 Bxg5 43. hxg5 Kxg5 44. Kf3 Kh6 45. Ra5 g6 46. Kg2 Kg7 47. Ra6 g5 48. Ra7+ Kf6 49. Ra6+ Ke7 50. Ra7+ Kd6 51. Ra6+ Kc7 52. Ra5 Kb6 53. Ra8 Kb5 54. Rb8+ Kc4 55. Rc8+ Kd3 56. Rd8+ Kc3 57. Rc8+ Kb4 58. Rb8+ Kc4 59. Rc8+ Kd5 60. Rd8+ Kc6 61. Rc8+ Kb7 62. Rc2 Rg1+ 0-1


[Site "https://www.chess.com"]

[Event "Titled Tuesday Blitz May 2 Early 2023"]
[White "Manon-og, Ramon Jr."]
[Black "Srdanovic, Jovana"]
[WhiteFideId "5200776"]
[BlackFideId "954810"]
[WhiteElo "1999"]
[BlackElo "2145"]
[Result "1-0"]
[Round "09"]
[TimeControl "180+2"]
[Date "2023.05.02"]
[WhiteClock "0:00:20"]
[BlackClock "0:00:01"]

1. e4 c6 2. d4 d5 3. e5 Na6 4. Bxa6 Qa5+ 5. Nc3 Qxa6 6. Nge2 Bf5 7. O-O e6 8. Be3 h6 9. Ng3 Bh7 10. f4 Ne7 11. a4 Nf5 12. Nxf5 Bxf5 13. g4 Bh7 14. f5 O-O-O 15. Qf3 Bb4 16. a5 Rhf8 17. Na4 h5 18. c3 hxg4 19. Qxg4 Be7 20. fxe6 Qd3 21. exf7+ Kb8 22. Bf4 a6 23. Nc5 Bxc5 24. dxc5 Bf5 25. Qxg7 Ka7 26. Qf6 Bh3 27. Rf2 Rd7 28. e6 Bxe6 29. Qxe6 Rdxf7 30. Bb8+ Kxb8 31. Rxf7 Rxf7 32. Qxf7 Qe3+ 33. Qf2 Qg5+ 34. Qg3+ Qxg3+ 35. hxg3 1-0


[Site "https://www.chess.com"]

[Event "Titled Tuesday Blitz May 2 Early 2023"]
[White "Cramling Bellon, Anna"]
[Black "Kopacz, Grzegorz"]
[WhiteFideId "32009232"]
[BlackFideId "1109880"]
[WhiteElo "1972"]
[BlackElo "2037"]
[Result "1-0"]
[Round "09"]
[TimeControl "180+2"]
[Date "2023.05.02"]
[WhiteClock "0:00:49"]
[BlackClock "0:01:41"]

1. d4 Nf6 2. c4 g6 3. Nc3 d5 4. cxd5 Nxd5 5. e4 Nxc3 6. bxc3 Bg7 7. Qa4+ Bd7 8. Qa3 O-O 9. Bg5 Re8 10. Nf3 h6 11. Be3 Bg4 12. Be2 Nd7 13. O-O c5 14. h3 Bxf3 15. Bxf3 cxd4 16. cxd4 Nb6 17. Rac1 Qd6 18. Qxd6 exd6 19. Rc7 Rab8 20. Rfc1 Rec8 21. Bg4 Rxc7 22. Rxc7 d5 23. e5 Nc4 24. e6 Nxe3 25. exf7+ Kf8 26. fxe3 b5 27. Rxa7 h5 28. Be6 Bh6 29. Kf2 b4 30. Bxd5 Bg5 31. e4 Be7 32. e5 Kg7 33. Rxe7 1-0


[Site "https://www.chess.com"]

[Event "Titled Tuesday Blitz May 2 Early 2023"]
[White "Larina, Maria"]
[Black "Sadovsky, Artem"]
[WhiteFideId "24113182"]
[BlackFideId "4155840"]
[WhiteElo "1848"]
[BlackElo "2314"]
[Result "0-1"]
[Round "09"]
[TimeControl "180+2"]
[Date "2023.05.02"]
[WhiteClock "0:00:02"]
[BlackClock "0:00:03"]

1. e4 e5 2. Nf3 Nc6 3. Nc3 d6 4. d4 exd4 5. Nxd4 Bd7 6. Bc4 Nf6 7. Bg5 Be7 8. O-O O-O 9. Re1 h6 10. Bh4 Ne5 11. Bf1 Ng6 12. Bg3 Re8 13. Nf5 Bf8 14. Qf3 Bc6 15. Nd5 Bxd5 16. exd5 Nd7 17. b4 Nde5 18. Qd1 Qf6 19. c4 a5 20. Ne3 axb4 21. Qd2 Nd7 22. Qxb4 Nc5 23. Qd2 Ne5 24. h3 Ne4 25. Qc2 Nxg3 26. fxg3 Qg6 27. Qxg6 Nxg6 28. Nc2 Be7 0-1


[Site "https://www.chess.com"]

[Event "Titled Tuesday Blitz May 2 Early 2023"]
[White "Kubatko, Ivan"]
[Black "Wimalasuriya, Kasun M."]
[WhiteFideId "24111473"]
[BlackFideId "9906789"]
[WhiteElo "2285"]
[BlackElo "1781"]
[Result "1/2-1/2"]
[Round "09"]
[TimeControl "180+2"]
[Date "2023.05.02"]
[WhiteClock "0:00:06"]
[BlackClock "0:01:20"]

1. e4 c5 2. c3 d5 3. exd5 Qxd5 4. d4 Nc6 5. Nf3 Nf6 6. Be2 Bg4 7. h3 Bh5 8. O-O e6 9. Na3 cxd4 10. Nb5 Qd7 11. Nfxd4 Bxe2 12. Qxe2 Nxd4 13. Nxd4 Be7 14. Rd1 Rd8 15. Bg5 Qc8 16. Nb5 a6 17. Rxd8+ Qxd8 18. Rd1 Qc8 19. Nd6+ Bxd6 20. Rxd6 Ke7 21. Qd3 Rd8 22. Bxf6+ gxf6 23. Rxd8 Qxd8 24. Qxh7 Qd1+ 25. Kh2 Qe2 26. Qh4 Qxb2 27. Qb4+ Qxb4 28. cxb4 f5 29. Kg3 Kf6 30. f4 Kg6 31. Kf3 f6 32. g4 fxg4+ 33. hxg4 b5 34. Ke4 Kh6 35. Kd4 Kg6 36. Ke4 Kh6 37. g5+ Kg6 38. gxf6 Kxf6 39. Kd4 Kf5 40. Ke3 e5 41. fxe5 Kxe5 42. Kd3 Kd5 43. a3 Ke5 44. Ke3 Kd5 45. Kd3 Ke5 46. Ke3 Kd5 47. Kd3 1/2-1/2


[Site "https://www.chess.com"]

[Event "Titled Tuesday Blitz May 2 Early 2023"]
[White "Pasti, Aron"]
[Black "Acikel, Mert"]
[WhiteFideId "785857"]
[BlackFideId "12956465"]
[WhiteElo "2173"]
[BlackElo "2097"]
[Result "0-1"]
[Round "09"]
[TimeControl "180+2"]
[Date "2023.05.02"]
[WhiteClock "0:00:01"]
[BlackClock "0:00:15"]

1. e4 e5 2. Nf3 Nc6 3. d4 exd4 4. Bc4 Bc5 5. c3 Nf6 6. cxd4 Bb4+ 7. Bd2 Bxd2+ 8. Nbxd2 d5 9. exd5 Nxd5 10. O-O O-O 11. Ne4 h6 12. Nc3 Be6 13. Qb3 Na5 14. Qa4 Nxc3 15. Qxa5 Bxc4 16. bxc3 Bxf1 17. Rxf1 b6 18. Qa3 Qd5 19. h3 Rfe8 20. Qc1 Qxa2 21. Qf4 Qd5 22. Qxc7 Rec8 23. Qe7 Rxc3 24. Re1 Rxf3 25. gxf3 Qxd4 26. Rc1 Qf6 27. Qb7 Re8 28. Qd7 Re7 29. Qd8+ Kh7 30. Qd1 a5 31. Rb1 Re6 32. Kh2 Qf4+ 33. Kh1 Rf6 34. Qd3+ Qf5 35. Qxf5+ Rxf5 36. Rxb6 Rxf3 37. Kg2 Ra3 38. Ra6 h5 39. f3 g6 40. Kg3 a4 41. Kh4 Ra1 42. Kg5 Kg7 43. Ra7 a3 44. Kf4 a2 45. Ra6 Rh1 46. Rxa2 Rxh3 47. Ra7 Rh4+ 48. Ke5 Rb4 49. f4 Rb8 50. Ra3 Re8+ 51. Kd4 Re6 52. Rg3 Kf6 53. Kd3 Kf5 54. Rf3 Re4 55. Rf1 Rxf4 56. Ra1 Kg5 57. Ke3 f5 58. Rg1+ Rg4 59. Ra1 h4 0-1


[Site "https://www.chess.com"]

[Event "Titled Tuesday Blitz May 2 Early 2023"]
[White "Kiseljova, Marya"]
[Black "Chirivi C, Jenny Astrid"]
[WhiteFideId "4155009"]
[BlackFideId "4403061"]
[WhiteElo "1851"]
[BlackElo "2001"]
[Result "1-0"]
[Round "09"]
[TimeControl "180+2"]
[Date "2023.05.02"]
[WhiteClock "0:00:35"]
[BlackClock "0:00:36"]

1. d4 Nf6 2. c4 e6 3. Bf4 c5 4. d5 d6 5. Nc3 e5 6. Bg5 Be7 7. e4 O-O 8. Be2 a6 9. a4 h6 10. Bxf6 Bxf6 11. h3 Bg5 12. Nf3 f5 13. Nxg5 Qxg5 14. Bf3 Nd7 15. Qd2 Nf6 16. Qxg5 hxg5 17. exf5 Bxf5 18. Kd2 Rae8 19. Rae1 e4 20. Bd1 Re5 21. Bc2 Rfe8 22. Re3 g4 23. h4 Nh5 24. g3 Nf6 25. Rhe1 g6 26. Nd1 b5 27. axb5 axb5 28. b3 Kf7 29. Nc3 b4 30. Nb5 Ke7 31. Ra1 Rd8 32. Ra7+ Rd7 33. Ra8 Rb7 34. Ra6 Rxb5 35. cxb5 Nxd5 36. Re1 Ke6 37. b6 e3+ 38. fxe3 Bxc2 39. Kxc2 Nxe3+ 40. Kd3 Nd5 41. Rxe5+ dxe5 42. b7+ Kf5 43. b8=Q e4+ 44. Ke2 Nc3+ 45. Ke1 Nd5 46. Rd6 Ke5 47. Rxg6+ Kd4 48. Rd6 1-0


[Site "https://www.chess.com"]

[Event "Titled Tuesday Blitz May 2 Early 2023"]
[White "Harriott, Tyrell"]
[Black "Osiecki, Stanislaw"]
[WhiteFideId "2086484"]
[BlackFideId "1102990"]
[WhiteElo "2107"]
[BlackElo "2088"]
[Result "1-0"]
[Round "09"]
[TimeControl "180+2"]
[Date "2023.05.02"]
[WhiteClock "0:01:39"]
[BlackClock "0:01:16"]

1. d4 Nf6 2. e3 d6 3. Bd3 g6 4. f4 Bg7 5. Nf3 Nbd7 6. f5 O-O 7. O-O c5 8. Qe1 cxd4 9. exd4 Qb6 10. Qh4 e5 11. fxg6 fxg6 12. Na3 exd4 13. Ng5 Qc6 14. Bf4 Ne5 15. Bxe5 dxe5 16. Bc4+ Kh8 17. Rxf6 h5 18. Rxc6 1-0


[Site "https://www.chess.com"]

[Event "Titled Tuesday Blitz May 2 Early 2023"]
[White "Rodriguez Santiago, Jaime"]
[Black "Vargas Rodriguez, Wilver"]
[WhiteFideId "3100898"]
[BlackFideId "3509672"]
[WhiteElo "2025"]
[BlackElo "2224"]
[Result "1/2-1/2"]
[Round "09"]
[TimeControl "180+2"]
[Date "2023.05.02"]
[WhiteClock "0:00:19"]
[BlackClock "0:00:05"]

1. c4 c5 2. Nc3 Nc6 3. g3 g6 4. Bg2 Bg7 5. e4 d6 6. Nge2 e6 7. d3 Nge7 8. O-O O-O 9. Be3 Nd4 10. Rb1 Rb8 11. a3 b6 12. b4 e5 13. f4 f5 14. bxc5 dxc5 15. fxe5 Bxe5 16. Nf4 fxe4 17. Nxe4 Nef5 18. Bc1 Bb7 19. Nd5 Bxd5 20. cxd5 Kg7 21. Ng5 h6 22. Ne6+ Nxe6 23. dxe6 Qd6 24. Qd2 Qxe6 25. g4 Bd4+ 26. Kh1 Ne3 27. Re1 Rbe8 28. Be4 Qxg4 29. Rxe3 Bxe3 30. Bb2+ Bd4 31. Bxd4+ cxd4 32. Rg1 Qf4 33. Rxg6+ Kh7 34. Rf6+ Rxe4 35. Rxf4 Rexf4 36. Qb4 Rf1+ 37. Kg2 R1f2+ 38. Kg3 R8f3+ 39. Kg4 Rf4+ 40. Kg3 R4f3+ 41. Kg4 Rf4+ 42. Kg3 R2f3+ 43. Kg2 Rf2+ 44. Kg3 1/2-1/2


[Site "https://www.chess.com"]

[Event "Titled Tuesday Blitz May 2 Early 2023"]
[White "Kostiukov, Alexandr"]
[Black "Winkels, Marcel"]
[WhiteFideId "14108100"]
[BlackFideId "1003887"]
[WhiteElo "2202"]
[BlackElo "1900"]
[Result "1-0"]
[Round "09"]
[TimeControl "180+2"]
[Date "2023.05.02"]
[WhiteClock "0:00:24"]
[BlackClock "0:00:01"]

1. g3 c5 2. Bg2 Nc6 3. c4 g6 4. Nf3 Bg7 5. O-O e5 6. Nc3 Nge7 7. Ne1 d6 8. Nc2 O-O 9. Ne3 Be6 10. Ned5 Qd7 11. d3 h6 12. e4 f5 13. f4 Nd4 14. Be3 Nec6 15. Qd2 fxe4 16. Nxe4 Kh7 17. fxe5 Nxe5 18. Nef6+ Bxf6 19. Nxf6+ Rxf6 20. Rxf6 Bh3 21. Raf1 Bxg2 22. Qxg2 Re8 23. Bxd4 cxd4 24. Qd5 Re7 25. Rxd6 Qg4 26. Qe4 Qxe4 27. dxe4 d3 28. b3 Kg7 29. Rd1 b6 30. h3 h5 31. Rd5 Kf6 32. Kf2 Ke6 33. Ke3 Rf7 34. Rxe5+ Kxe5 35. Rxd3 1-0


[Site "https://www.chess.com"]

[Event "Titled Tuesday Blitz May 2 Early 2023"]
[White "Thiel, Thomas"]
[Black "James, Stuart"]
[WhiteFideId "4615964"]
[BlackFideId "7400489"]
[WhiteElo "2234"]
[BlackElo "1950"]
[Result "0-1"]
[Round "09"]
[TimeControl "180+2"]
[Date "2023.05.02"]
[WhiteClock "0:00:40"]
[BlackClock "0:01:19"]

1. e4 c5 2. Nc3 e6 3. Nge2 Nc6 4. g3 Nf6 5. Bg2 d5 6. exd5 exd5 7. d4 cxd4 8. Nxd4 Bc5 9. Be3 Nxd4 10. Bxd4 Qe7+ 11. Ne2 Bxd4 12. Qxd4 O-O 13. Bf3 Bf5 14. c3 Rfc8 15. O-O Rc4 16. Qd2 Ne4 17. Qe3 Re8 18. Nf4 Ng5 19. Qxe7 Nxf3+ 20. Kg2 Rxe7 21. Kxf3 Be4+ 22. Kg4 f5+ 23. Kh3 g5 24. Nh5 Bf3 25. Nf6+ Kg7 0-1


[Site "https://www.chess.com"]

[Event "Titled Tuesday Blitz May 2 Early 2023"]
[White "Flis, Pawel"]
[Black "Buscar, Michael"]
[WhiteFideId "1112864"]
[BlackFideId "2603616"]
[WhiteElo "1822"]
[BlackElo "2010"]
[Result "1-0"]
[Round "09"]
[TimeControl "180+2"]
[Date "2023.05.02"]
[WhiteClock "0:00:33"]
[BlackClock "0:02:14"]

1. e4 c5 2. Nf3 Nc6 3. d4 cxd4 4. Nxd4 Nf6 5. Nc3 e5 6. Ndb5 h6 7. Nd6+ Bxd6 8. Qxd6 Qe7 9. Qc7 O-O 10. Bd3 Ne8 11. Nd5 Qc5 12. Be3 Qxd5 13. exd5 Nxc7 14. dxc6 dxc6 15. Bc5 Re8 16. O-O-O b6 17. Bd6 Ne6 18. Bxe5 Nc5 19. Bd4 Nxd3+ 20. Rxd3 c5 21. Be3 Bb7 22. f3 Rad8 23. Rxd8 Rxd8 24. Rd1 Re8 25. Re1 f5 26. Bd2 Kf7 27. Rxe8 Kxe8 28. Bf4 Kd7 29. Kd2 g5 30. Bb8 Bd5 31. b3 h5 32. c4 Bc6 33. a4 a6 34. Be5 g4 35. fxg4 hxg4 36. g3 b5 37. axb5 axb5 38. cxb5 Bxb5 39. Kc3 Ke6 40. Bf4 Kd5 41. Bg5 Bf1 42. Be7 Be2 43. Kd2 Bf3 44. Kc3 Bd1 45. Bf8 Kc6 46. Be7 Kb5 47. Bf8 Bf3 48. Be7 Bd5 49. Bf8 Kc6 50. Be7 Be6 51. Bf8 Kd5 52. Be7 Kc6 53. Bf8 Kb5 54. Be7 c4 55. bxc4+ Bxc4 56. Kd4 Ba2 57. Ke5 Bb1 58. Kf4 Kc4 59. Ke3 Kd5 60. Kf2 Ke4 61. Kg1 Kf3 62. Bd6 Be4 63. Bf4 Ke2 64. Bc7 Kd3 65. Bf4 Kc4 66. Bc7 Kd5 67. Bf4 Ke6 68. Bb8 Kf6 69. Bf4 Ke6 70. Bb8 Kd5 71. Bf4 Bd3 72. Bb8 Ke4 73. Bf4 Kf3 74. Bb8 Bb5 75. Bf4 Bd7 76. Bd6 Bc6 77. Bf4 Ke2 78. Bb8 Bf3 79. Bf4 Ke1 80. Bc7 Be2 81. Bf4 Bf1 82. Bd6 Bh3 83. Bc7 Ke2 84. Bd6 Kf3 85. Bc7 Ke4 86. Bd6 Kf3 87. Bb8 Ke2 88. Bc7 Ke3 89. Bb8 Ke2 90. Bc7 Kd3 91. Bb8 Ke4 92. Bc7 Kd4 93. Bb8 Ke4 94. Bc7 f4 95. Bb8 f3 96. Bc7 Ke3 97. Bb6+ Ke2 98. Bf2 Kd2 99. Bc5 Ke1 100. Bf2+ Ke2 101. Bd4 Kd3 102. Bf2 Ke4 103. Bc5 Kd5 104. Ba7 Kc6 105. Kf2 Kb7 106. Be3 Kc7 107. Bf4+ Kd7 108. Be3 Ke6 109. Bf4 Kf5 110. Be3 Kg6 111. Bf4 Kf5 112. Be3 Ke4 113. Bf4 Kd3 114. Be3 Bf1 115. Bf4 Be2 116. Be3 Bd1 117. Bf4 Bb3 118. Be3 Be6 119. Bf4 Ke4 120. Be3 Kf5 121. Bf4 Bd5 122. Be3 Bc6 123. Bf4 Ba8 124. Be3 Bb7 125. Bf4 Bc8 126. Be3 Be6 127. Bf4 Bf7 128. Be3 Bg8 129. Bf4 Bh7 130. Be3 Bg6 131. Bf4 Bh5 132. Be3 Ke4 133. Bf4 Bg6 134. Be3 Bf5 135. Bf4 Be6 136. Be3 Bd5 137. Bf4 Bc4 138. Be3 Bd3 139. Bf4 Be2 140. Be3 Bf1 141. Bf4 Bg2 142. Be3 Bh3 143. Bf4 Bg2 144. Bc7 Bf1 145. Kxf1 Kd5 146. Kf2 Kc6 147. Bb8 Kb7 148. Bf4 Kc6 149. Be3 Kd5 150. Ba7 Ke4 151. Bb6 Kf5 152. Be3 Ke4 153. Bc5 Kd3 154. Bb6 Ke4 155. Bc7 Kd3 156. Bf4 Ke4 157. Bc1 Kd3 158. Bb2 Ke4 159. Ba3 Kd3 160. Bc5 Ke4 161. Ke1 Kd3 162. Bf2 Kc3 163. Kd1 Kd3 164. Ke1 Kc2 165. Be3 Kd3 166. Bf4 Kc3 167. Kf2 Kd3 168. h4 Ke4 169. Bd2 Kf5 170. Ke3 Kg6 171. Be1 Kh5 172. Kf4 1-0


[Site "https://www.chess.com"]

[Event "Titled Tuesday Blitz May 2 Early 2023"]
[White "Kornyukov, Alexey"]
[Black "Schut, Han"]
[WhiteFideId "4150457"]
[BlackFideId "1005561"]
[WhiteElo "2352"]
[BlackElo "2024"]
[Result "1-0"]
[Round "09"]
[TimeControl "180+2"]
[Date "2023.05.02"]
[WhiteClock "0:01:00"]
[BlackClock "0:01:15"]

1. e4 c5 2. Nf3 d6 3. c3 Nf6 4. Be2 e6 5. O-O Nc6 6. d4 cxd4 7. cxd4 d5 8. e5 Ne4 9. Nc3 Nxc3 10. bxc3 Be7 11. Be3 Na5 12. Bb5+ Bd7 13. Bxd7+ Qxd7 14. Nd2 Rc8 15. Rc1 Nc4 16. Nxc4 Rxc4 17. Qg4 g6 18. Bg5 h5 19. Qf4 Bxg5 20. Qxg5 Qe7 21. Qd2 O-O 22. Rfe1 Kg7 23. Re3 Rfc8 24. Rf3 b5 25. Rf6 b4 26. Rf3 a5 27. h3 Qc7 28. Qf4 bxc3 29. Qf6+ Kg8 30. g4 hxg4 31. hxg4 Qd8 32. Qxf7+ 1-0


[Site "https://www.chess.com"]

[Event "Titled Tuesday Blitz May 2 Early 2023"]
[White "Hartikainen, Jarmo"]
[Black "Antonio, Jorge Carlos"]
[WhiteFideId "503134"]
[BlackFideId "113190"]
[WhiteElo "2108"]
[BlackElo "2247"]
[Result "0-1"]
[Round "09"]
[TimeControl "180+2"]
[Date "2023.05.02"]
[WhiteClock "0:00:13"]
[BlackClock "0:00:50"]

1. e4 e5 2. Nf3 Nc6 3. Bc4 f5 4. d3 Nf6 5. Nc3 fxe4 6. dxe4 Bb4 7. O-O Bxc3 8. bxc3 d6 9. a4 Qe7 10. Rb1 Nxe4 11. Qe1 Nf6 12. Bg5 Na5 13. Ba2 Be6 14. c4 O-O 15. Qxa5 b6 16. Qc3 Kh8 17. Bb3 Bd7 18. Rfe1 Bc6 19. Nd2 a5 20. Bxf6 Rxf6 21. Re2 Raf8 22. Rf1 Rg6 23. Ne4 Rg4 24. Ng3 Rgf4 25. Qe3 Qd7 26. c3 Bxa4 27. Bxa4 Qxa4 28. Rd2 Qxc4 29. Ne2 Re4 30. Qd3 Qxd3 31. Rxd3 Rxe2 32. f4 exf4 33. Rdf3 g5 34. g3 Re4 35. h4 h6 36. hxg5 hxg5 37. gxf4 Rexf4 38. Rxf4 Rxf4 39. Rxf4 gxf4 40. Kf2 Kg7 41. Kf3 Kf6 42. Kxf4 Ke6 43. Ke4 c6 44. Kd4 b5 45. Ke4 a4 46. Kd4 c5+ 47. Kd3 d5 0-1


[Site "https://www.chess.com"]

[Event "Titled Tuesday Blitz May 2 Early 2023"]
[White "Quirke, Jeffrey"]
[Black "Delorme, Axel"]
[WhiteFideId "2013029"]
[BlackFideId "632023"]
[WhiteElo "2007"]
[BlackElo "2478"]
[Result "1/2-1/2"]
[Round "09"]
[TimeControl "180+2"]
[Date "2023.05.02"]
[WhiteClock "0:00:08"]
[BlackClock "0:00:41"]

1. e4 c6 2. d4 d5 3. exd5 cxd5 4. Nf3 Nc6 5. Be3 Bf5 6. c3 Nf6 7. Nbd2 e6 8. h3 Bd6 9. g4 Bg6 10. Nh4 O-O 11. Nxg6 hxg6 12. Qf3 e5 13. dxe5 Nxe5 14. Qg2 Re8 15. O-O-O Qa5 16. Kb1 Rac8 17. g5 Ne4 18. Nxe4 dxe4 19. Qxe4 Nc4 20. Qxe8+ Rxe8 21. Bxc4 Bc5 22. Rd7 Bxe3 23. Bxf7+ Kf8 24. Bxe8 Kxe8 25. Rhd1 Qf5+ 26. Ka1 Bb6 27. Rxg7 Qxg5 28. a3 Qh6 29. Rdd7 Qxh3 30. Rxb7 Qf1+ 31. Ka2 Qc4+ 32. Ka1 Bd8 33. Rxg6 Qf1+ 34. Ka2 Qc4+ 35. Ka1 Qd5 36. Rgg7 a5 37. Rgd7 Qg2 38. Rh7 Qf1+ 39. Ka2 Qc4+ 40. Ka1 Qg8 41. Rbg7 Qf8 42. Rf7 Qd6 43. Rfg7 Qf8 44. Rf7 Qxf7 45. Rxf7 Kxf7 46. b3 Ke6 47. a4 Be7 48. b4 axb4 49. cxb4 Bxb4 50. a5 Bxa5 51. f4 Bb6 52. f5+ Kxf5 1/2-1/2


[Site "https://www.chess.com"]

[Event "Titled Tuesday Blitz May 2 Early 2023"]
[White "Kaiyrbekov, Rustam"]
[Black "Vasques, Antonio Pedro Freixial"]
[WhiteFideId "13702424"]
[BlackFideId "1908332"]
[WhiteElo "2171"]
[BlackElo "2212"]
[Result "0-1"]
[Round "09"]
[TimeControl "180+2"]
[Date "2023.05.02"]
[WhiteClock "0:01:33"]
[BlackClock "0:01:48"]

1. c4 b6 2. Nc3 Bb7 3. e4 e5 4. Nf3 Nf6 5. d4 exd4 6. Qxd4 Bc5 7. Qd3 O-O 8. Bg5 d6 9. Nd5 Nbd7 10. Be2 h6 11. Bxf6 Nxf6 12. O-O Re8 13. b4 Nxd5 14. exd5 Bxb4 15. a4 a5 16. Nd2 Bxd2 17. Qxd2 Qh4 18. h3 Re4 19. Bf3 Rxc4 20. Qd3 Qd4 21. Qf5 Bc8 22. Qb1 Rxa4 23. Qb5 Rxa1 24. Qe8+ Kh7 25. Be4+ f5 26. Qf7 Rxf1+ 27. Kh2 Qe5+ 28. g3 Rxf2+ 29. Bg2 Qe4 30. Kg1 0-1


[Site "https://www.chess.com"]

[Event "Titled Tuesday Blitz May 2 Early 2023"]
[White "Vargas, Mauricio"]
[Black "Barria Santos, Jose Guilherme"]
[WhiteFideId "4404572"]
[BlackFideId "1939300"]
[WhiteElo "1998"]
[BlackElo "2266"]
[Result "0-1"]
[Round "09"]
[TimeControl "180+2"]
[Date "2023.05.02"]
[WhiteClock "0:00:08"]
[BlackClock "0:01:16"]

1. e4 c5 2. Nc3 d6 3. f4 g6 4. Nf3 Bg7 5. Bb5+ Bd7 6. Bxd7+ Qxd7 7. d3 Nc6 8. O-O e6 9. Ne2 Nge7 10. c3 O-O 11. Qe1 b5 12. Qh4 Rab8 13. f5 exf5 14. Bh6 f6 15. Rad1 Ne5 16. Bxg7 Kxg7 17. Ne1 fxe4 18. dxe4 Qe6 19. Nd3 Nxd3 20. Rxd3 d5 21. Nf4 Qxe4 22. Re1 Nf5 23. Rxe4 Nxh4 24. Ne6+ Kf7 25. Rxd5 Rfe8 26. Rd7+ Kg8 0-1


[Site "https://www.chess.com"]

[Event "Titled Tuesday Blitz May 2 Early 2023"]
[White "Kuchava, Ana"]
[Black "Sanchez, Robert"]
[WhiteFideId "13605348"]
[BlackFideId "2034360"]
[WhiteElo "2001"]
[BlackElo "1966"]
[Result "1-0"]
[Round "09"]
[TimeControl "180+2"]
[Date "2023.05.02"]
[WhiteClock "0:00:11"]
[BlackClock "0:00:43"]

1. d4 Nf6 2. Nf3 e6 3. c4 b6 4. a3 Bb7 5. Nc3 d5 6. cxd5 Nxd5 7. e3 Nxc3 8. bxc3 Nd7 9. Bd3 Bd6 10. O-O e5 11. e4 O-O 12. Bb2 h6 13. Re1 Re8 14. Rc1 Qe7 15. a4 a5 16. Qc2 Rac8 17. h3 c5 18. d5 c4 19. Bf1 Ba6 20. Nd2 g6 21. Rb1 Qh4 22. Qc1 Nc5 23. Qc2 Nd3 24. Bxd3 cxd3 25. Qb3 Bc5 26. Rf1 f5 27. d6+ Kg7 28. d7 Rcd8 29. dxe8=Q Rxe8 30. exf5 gxf5 31. c4 Bb7 32. Qxd3 Qg5 33. Nf3 Qg6 34. Qd7+ Re7 35. Bxe5+ Kh7 36. Qd2 Bxf3 37. g3 Rxe5 38. Rfe1 1-0


[Site "https://www.chess.com"]